Map: [ESL] Oceanborn

Players

Nanami - Winner!

  • Race: Protoss Protoss
  • Spawn Location: 11:00

Jim

  • Race: Protoss Protoss
  • Spawn Location: 5:00

Event: ESL SC2 Masters 2024 Spring (Regional)

VOD

Have the link to the VOD?

Description

Time

  • Played on: April 14, 2024, 9:08 a.m.
  • Length: 8:45

All games in this series

Show
View Real Time Build Order
Export as new Build Order

Nanami Protoss - Winner!

Build Orders: Zealot Archon 

Get SALT Encoding   

  12  0:00  Probe  
  13  0:12  Probe  
  14  0:17  Pylon  
  14  0:24  Probe (Chrono Boost)  
  15  0:36  Probe (Chrono Boost), Gateway  
  16  0:43  Probe (Chrono Boost)  
  16  0:45  Assimilator  
  17  0:51  Probe  
  17  0:57  Assimilator  
  18  1:03  Probe (Chrono Boost)  
  19  1:07  Gateway  
  19  1:15  Probe (Chrono Boost)  
  20  1:22  Probe (Chrono Boost)  
  20  1:25  Cybernetics Core  
  21  1:29  Probe  
  22  1:36  Pylon  
  22  1:41  Probe  
  23  1:55  Probe  
  23  1:58  Warp Gate (Chrono Boost)  
  23  2:01  Adept x2  
  28  2:12  Pylon  
  28  2:25  Shield Battery  
  28  2:31  Adept x2  
  32  2:45  Nexus  
  32  2:50  Probe  
  33  3:01  Adept x2  
  33  3:03  Probe  
  38  3:08  Pylon  
  38  3:15  Probe  
  39  3:21  Robotics Facility  
  39  3:27  Probe (Chrono Boost)  
  40  3:39  Probe (Chrono Boost)  
  40  3:40  Adept  
  43  3:41  Adept  
  43  3:45  Probe (Chrono Boost)  
  46  3:53  Probe  
  47  3:59  Probe  
  47  4:02  Sentry x2  
  52  4:05  Probe  
  53  4:11  Warp Prism (Chrono Boost)  
  53  4:12  Probe  
  54  4:17  Probe  
  54  4:24  Probe  
  56  4:30  Sentry, Probe  
  51  4:32  Shield Battery  
  51  4:36  Probe  
  52  4:42  Probe  
  57  4:46  Stalker  
  57  4:50  Observer (Chrono Boost)  
  57  4:52  Probe  
  58  4:57  Stalker  
  56  5:00  Probe  
  56  5:01  Pylon  
  56  5:02  Forge  
  56  5:03  Assimilator  
  56  5:04  Assimilator, Probe  
  57  5:10  Immortal (Chrono Boost)  
  61  5:20  Gateway x2  
  61  5:21  Probe  
  62  5:27  Adept x2  
  66  5:29  Probe  
  66  5:33  Probe  
  68  5:39  Protoss Ground Weapons Level 1 (Chrono Boost)  
  69  5:47  Pylon  
  68  6:00  Pylon  
  68  6:01  Immortal (Chrono Boost), Gateway  
  68  6:04  Gateway  
  66  6:15  Twilight Council  
  66  6:19  Gateway  
  66  6:20  Gateway  
  66  6:23  Gateway  
  66  6:24  Gateway  
  64  6:28  Immortal (Chrono Boost)  
  68  6:46  Charge (Chrono Boost)  
  68  6:52  Zealot x3  
  68  6:53  Zealot  
  76  6:56  Templar Archives  
  76  6:59  Zealot  
  76  7:00  Zealot  
  80  7:04  Pylon x2, Observer, Phoenix  
  80  7:08  Warp Prism  
  80  7:13  Zealot  
  84  7:19  Pylon  
  84  7:21  Pylon  
  84  7:32  Zealot x4  
  92  7:40  High Templar x3  
  92  7:41  High Templar x2  
  92  7:43  High Templar  
  104  7:44  Archon x2  
  104  7:47  Archon  
  104  7:50  Pylon  
  104  7:54  Zealot x2  
  108  8:06  High Templar x2  
  108  8:10  Archon  
  112  8:12  Zealot x2  
  112  8:13  Zealot x3  
  112  8:17  Observer  
  111  8:27  Zealot x2  
  111  8:28  Zealot  
  115  8:34  Zealot x3  
  115  8:39  Zealot  
  111  8:42  Zealot  
Show
View Real Time Build Order
Export as new Build Order

Jim Protoss 

Build Orders: Blink Stalkers 

Get SALT Encoding   

  12  0:00  Probe  
  13  0:12  Probe  
  14  0:17  Pylon  
  14  0:24  Probe (Chrono Boost)  
  15  0:36  Probe (Chrono Boost)  
  15  0:37  Gateway  
  16  0:45  Probe (Chrono Boost)  
  16  0:46  Assimilator  
  17  0:51  Probe  
  17  0:57  Assimilator  
  18  1:03  Probe (Chrono Boost)  
  19  1:08  Gateway  
  19  1:13  Probe (Chrono Boost)  
  19  1:17  Probe (Chrono Boost)  
  20  1:24  Cybernetics Core  
  21  1:29  Probe  
  22  1:38  Pylon  
  22  1:41  Probe  
  23  1:56  Probe  
  24  2:02  Sentry, Stalker  
  24  2:04  Warp Gate  
  28  2:08  Pylon  
  28  2:10  Probe  
  29  2:35  Nexus  
  29  2:38  Sentry  
  29  2:41  Sentry  
  32  2:47  Shield Battery  
  32  2:50  Probe  
  33  3:02  Probe  
  34  3:06  Shield Battery  
  34  3:14  Probe  
  34  3:15  Twilight Council  
  35  3:27  Probe  
  36  3:32  Shield Battery  
  36  3:36  Pylon  
  36  3:40  Probe (Chrono Boost)  
  37  3:47  Probe (Chrono Boost)  
  37  3:48  Blink (Chrono Boost)  
  38  3:52  Probe (Chrono Boost)  
  38  3:53  Stalker  
  38  3:54  Stalker  
  43  3:57  Probe (Chrono Boost)  
  43  3:59  Probe (Chrono Boost)  
  45  4:03  Probe (Chrono Boost)  
  45  4:06  Probe  
  47  4:11  Gateway  
  47  4:16  Stalker  
  49  4:18  Probe  
  47  4:25  Probe  
  47  4:27  Stalker  
  46  4:32  Probe  
  47  4:40  Stalker  
  47  4:41  Probe  
  49  4:48  Phoenix  
  49  4:49  Probe  
  49  4:52  Stalker  
  50  4:53  Probe  
  50  5:02  Nexus  
  50  5:04  Probe  
  51  5:07  Pylon  
  51  5:09  Probe  
  52  5:16  Probe  
  53  5:22  Stalker x2  
  53  5:24  Probe  
  58  5:28  Probe  
  58  5:34  Forge  
  58  5:35  Charge (Chrono Boost)  
  59  5:40  Probe  
  59  5:42  Probe  
  61  5:52  Stalker, Probe  
  61  5:53  Stalker  
  61  5:54  Phoenix, Probe  
  60  6:04  Probe  
  60  6:08  Protoss Ground Weapons Level 1 (Chrono Boost)  
  59  6:12  Probe (Chrono Boost)  
  59  6:16  Robotics Facility  
  59  6:18  Probe (Chrono Boost)  
  62  6:21  Probe (Chrono Boost)  
  62  6:24  Probe (Chrono Boost)  
  63  6:29  Probe (Chrono Boost)  
  63  6:32  Probe (Chrono Boost)  
  66  6:33  Probe (Chrono Boost)  
  66  6:34  Probe (Chrono Boost)  
  66  6:38  Probe  
  67  6:42  Probe  
  67  6:47  Phoenix  
  69  6:48  Probe  
  69  6:50  Probe  
  71  6:55  Probe  
  71  7:00  Observer, Gateway  
  72  7:02  Gateway  
  72  7:05  Gateway  
  72  7:06  Gateway  
  73  7:08  Gateway  
  73  7:09  Gateway  
  73  7:16  Phoenix, Probe x2  
  73  7:20  Pylon, Probe  
  76  7:31  Probe x2  
  76  7:32  Probe  
  76  7:36  Immortal  
  83  7:51  Probe, Shield Battery  
  83  7:52  Pylon, Probe x2  
  83  7:56  Zealot x3  
  92  7:58  Photon Cannon  
  92  8:03  Photon Cannon  
  92  8:05  Photon Cannon  
  92  8:07  Pylon  
  89  8:26  Zealot  
  77  8:27  Zealot x2  
  77  8:30  Stalker  
  77  8:31  Stalker x4  
Tags
 
Add a new tag
Caveats
  • Supply blocks, unpowered buildings, or Contaminate may cause inaccurate times.
  • Supply counts are checked every 10 seconds.